 Dungeon Crawl Stone Soup version 0.20.1-1-g8b1a95d (webtiles) character file.

282 letownia2 the Grave Robber (level 6, 36/49 HPs)
             Began as a Deep Dwarf Necromancer on Dec 14, 2017.
             Quit the game in the Ecumenical Temple.
             The game lasted 00:05:11 (1932 turns).

letownia2 the Grave Robber (Deep Dwarf Necromancer) Turns: 1932, Time: 00:05:12

Health: 36/49      AC:  4    Str: 12    XL:     6   Next: 6%
Magic:  19/19      EV: 12    Int: 17    God:
Gold:   147        SH:  0    Dex: 13    Spells: 7/11 levels left

rFire    . . .     SeeInvis .   a - +0 flail
rCold    . . .     Gourm    .   (no shield)
rNeg     . . .     Faith    .   g - +0 leather armour
rPois    .         Spirit   .   (no helmet)
rElec    .         Reflect  .   (no cloak)
rCorr    .         Harm     .   (no gloves)
MR       .....                  l - +0 pair of boots
Stlth    ++........             (no amulet)
Regen    0.0/turn               h - ring of magical power
MPRegen  0.2/turn               n - ring of wizardry

@: non-regenerating
A: damage resistance, heal wounds, sense surroundings 1, no regeneration
a: Heal Wounds


You were in the Ecumenical Temple.
You were not hungry.

You visited 2 branches of the dungeon, and saw 7 of its levels.

You collected 147 gold pieces.

Inventory:

Hand Weapons
 a - a +0 flail (weapon)
 i - a +0 shortbow
Missiles
 m - 21 arrows
Armour
 g - a +0 leather armour (worn)
 l - a +0 pair of boots (worn)
Jewellery
 h - a ring of magical power (left hand)
 n - a ring of wizardry (right hand)
Wands
 t - a wand of flame (12/48)
Scrolls
 j - a scroll of random uselessness {unknown}
 k - a scroll of fog {unknown}
 o - 2 scrolls of teleportation {unknown}
 q - 3 scrolls of identify {unknown}
 s - a scroll of magic mapping {unknown}
Potions
 e - a potion of heal wounds {unknown}
 f - a potion of invisibility {unknown}
Books
 b - a book of Necromancy

   Spells                             Type                      Level
   a - Pain                           Necromancy                   1
   b - Animate Skeleton               Necromancy                   1
   c - Vampiric Draining              Necromancy                   3
   d - Regeneration                   Charms/Necromancy            3
   e - Animate Dead                   Necromancy                   4
   f - Control Undead                 Necromancy                   4
Comestibles
 c - 2 bread rations
 d - 2 royal jellies
 r - a meat ration


   Skills:
 - Level 2.1 Dodging
 - Level 2.4 Stealth
 - Level 3.0 Spellcasting
 * Level 7.3 Necromancy


You had 7 spell levels left.
You knew the following spells:

 Your Spells              Type           Power        Failure   Level  Hunger
a - Pain                  Necr           ####         1%          1    None
v - Vampiric Draining     Necr           ####......   1%          3    ###....


Dungeon Overview and Level Annotations

Branches:
Dungeon (6/15)             Temple (1/1) D:4

Altars:
Cheibriados
Kikubaaqudgha
Makhleb
Trog
Vehumet
Xom
Yredelemnul
Zin
The Shining One
Lugonu


Innate Abilities, Weirdness & Mutations

You are resistant to damage.
You can heal yourself by infusing magical energy.
You passively map a small area around you.
You do not regenerate.


Message History

There is an ancient bone altar of Kikubaaqudgha here.
All of the chunks of flesh in your inventory have rotted away.
Found two corrupted altars of Lugonu.
Found a corrupted altar of Lugonu.
There is a corrupted altar of Lugonu here.
There is a dry fountain here.
There is a corrupted altar of Lugonu here.
There is a bloodstained altar of Trog here.
Found a radiant altar of Vehumet.
There is a basalt altar of Yredelemnul here.
Done exploring.
Done exploring.
Done exploring.
Done exploring.
Put on which piece of jewellery? (? for menu, Esc to quit)
Okay, then.
Okay, then.
Assign waypoint to what number? (0-9)
Okay, then.
Are you sure you want to abandon this character and quit the game? (Confirm with "yes".)

#.#.# ####
#########...####_.##
#P........≈.§≈§.##.#
#<..........§§_≈⌠#_#
#P...≈....#.....#..#
#########...###._.##
#.≈.# ##### ##._.##
#.@..≈# #_.⌠._#
#.....# ##._.##
#####


There were no monsters in sight!

Vanquished Creatures
  A centaur (D:6)
  2 orc wizards (D:5)
  A hound (D:5)
  A worker ant (D:4)
  An iguana (D:5)
  An adder (D:4)
  3 adder skeletons (D:4)
  A dart slug (D:4)
  2 leopard geckos (D:4)
  5 orcs
  A giant cockroach (D:4)
  A goblin (D:3)
  2 hobgoblins (D:3)
  9 jackals (D:4)
  A quokka (D:6)
  2 bats (D:2)
  A jackal skeleton (D:3)
  A kobold (D:3)
  A quokka skeleton (D:6)
  2 rats
39 creatures vanquished.

Notes
Turn   | Place    | Note
-------+----------+-------------------------------------------
     0 | D:1      | letownia2 the Deep Dwarf Necromancer began the quest for the Orb.
     0 | D:1      | Reached XP level 1. HP: 15/15 MP: 3/3
   235 | D:3      | Reached XP level 2. HP: 20/22 MP: 1/5
   549 | D:5      | Entered Level 5 of the Dungeon
   592 | D:5      | Reached skill level 5 in Necromancy
   592 | D:5      | Reached XP level 3. HP: 23/28 MP: 7/7
   602 | D:5      | Learned a level 3 spell: Vampiric Draining
   637 | D:5      | Reached XP level 4. HP: 18/36 MP: 7/8
   728 | D:5      | Found a burning altar of Makhleb.
   728 | D:5      | Found a glowing silver altar of Zin.
   729 | D:5      | Noticed an angel
   729 | D:5      | Noticed a blizzard demon
   744 | D:5      | Reached skill level 6 in Necromancy
   756 | D:5      | Noticed a centaur
   839 | D:6      | Noticed a centaur
   846 | D:6      | Killed a centaur
   846 | D:6      | Reached XP level 5. HP: 18/42 MP: 5/9
  1079 | D:4      | Noticed a phantom
  1114 | D:4      | Reached skill level 7 in Necromancy
  1207 | D:4      | Found a glowing golden altar of the Shining One.
  1702 | D:4      | Reached XP level 6. HP: 44/49 MP: 9/10
  1709 | D:4      | Found a staircase to the Ecumenical Temple.
  1900 | Temple   | Entered the Ecumenical Temple
  1932 | Temple   | Quit the game

Skill      XL: |  1  2  3  4  5 |
---------------+----------------+-----
Spellcasting   | 2 3 |  3.0
Necromancy     | 5 6 7 |  7.3
Dodging        | |  2.1
Stealth        | |  2.4

Action                   |  1- 3 |  4- 6 || total
-------------------------+-------+-------++-------
Melee: Unarmed           |     6 |     9 ||    15
       Flail             |       |    28 ||    28
 Cast: Pain              |    43 |     5 ||    48
       Vampiric Draining |     1 |    21 ||    22
  Eat: Chunk             |       |     6 ||     6
Armor: Leather armour    |     2 |    15 ||    17
       Robe              |     1 |       ||     1
Dodge: Dodged            |    19 |    45 ||    64
